 Dungeon Crawl Stone Soup version 0.27-a0-1105-g946c659c87 (webtiles) character file.

Game seed: 169839086989284636

1774 kae the Cleaver (level 9, -2/78 (79) HPs)
             Began as a Hill Orc Fighter on Apr 29, 2021.
             Slain by a spatial maelstrom (10 damage)
             ... on level 1 of the Abyss.
             The game lasted 00:05:09 (7867 turns).

kae the Cleaver (Hill Orc Fighter)                  Turns: 7867, Time: 00:05:09

HP:   -2/78 (79)    AC:  9    Str: 22    XL:     9   Next: 7%
MP:   0/9           EV:  8    Int:  8    God:
Gold: 333           SH:  9    Dex: 10    Spells: 8/8 levels left

rFire    . . .     SeeInvis .   a - +1 war axe (elec)
rCold    . . .     Faith    .   c - +0 kite shield
rNeg     . . .     Spirit   +   b - +0 scale mail
rPois    .         Reflect  .   (no helmet)
rElec    .         Harm     .   u - +0 cloak
rCorr    .         Rampage  .   (no gloves)
Will     .....                  (no boots)
Stlth    ..........             h - amulet of guardian spirit
HPRegen  0.23/turn              (no ring)
MPRegen  0.11/turn              (no ring)

@: lightly drained
A: no striking features
a: no special abilities


You were on level 1 of the Abyss.
You visited 2 branches of the dungeon, and saw 8 of its levels.
You visited the Abyss 1 time.

You collected 333 gold pieces.

Inventory:

Hand Weapons
 a - a +1 war axe of electrocution (weapon)
Armour
 b - a +0 scale mail (worn)
 c - a +0 kite shield (worn)
 u - a +0 cloak (worn)
Jewellery
 h - an amulet of guardian spirit (around neck)
Wands
 m - a wand of flame (19)
 p - a wand of acid (10)
 v - a wand of polymorph (19)
 w - a wand of digging (3)
Scrolls
 f - a scroll of amnesia
 n - a scroll of brand weapon
 r - 2 scrolls of fear
Potions
 d - a potion of might
 e - 2 potions of brilliance
 g - a potion of magic
 i - a potion of resistance {unknown}
 j - a potion of lignification {unknown}
 k - 2 potions of curing {unknown}
 l - a potion of degeneration {unknown}
 t - a potion of mutation {unknown}


   Skills:
 + Level 7.1 Fighting
 * Level 9.7 Axes
 + Level 6.5 Armour
 + Level 4.0 Dodging
 - Level 3.2 Shields


You had 8 spell levels left.
You didn't know any spells.
Your spell library contained the following spells:

 Spells                   Type           Power      Damage    Failure   Level
 Magic Dart               Conj           0%         1d3       99%         1
 Searing Ray              Conj           0%         3d3       100%        2
 Dazzling Flash           Conj/Hex       0%         N/A       100%        3
 Fulminant Prism          Conj/Hex       0%         3d6       100%        4
 Iskenderun's Mystic Bla  Conj/Tloc      0%         2d3       100%        4


Dungeon Overview and Level Annotations

Branches:
Dungeon (7/15)             Temple (1/1) D:4

Altars:
Ashenzari
Cheibriados
Dithmenos
Elyvilon
Gozag
Makhleb
Okawaru
Ru
Uskayaw
Wu Jian
Zin
The Shining One

Annotations:
D:7 Harold


Message History

The orc hits you but does no damage. x2; You blink.
You slash the orc! Lightning courses through the orc!
You kill the orc!
Your shield prevents you from hitting the orc.
A wight comes into view. It is wielding a +0 spear.
The orc barely misses you. The wight closely misses you.
The orc hits you with a +2 whip of distortion.
You are cast into the Abyss!
To return, you must find a gate leading back.
Killing monsters will force the Abyss to allow you passage.
This branch contains the abyssal rune of Zot.
Found 3 atropa-tipped darts.
Unknown command.
Unknown command.
Unknown command.
You start resting.
Magic restored.
A spatial maelstrom comes into view.
The spatial maelstrom moves out of view.
You start resting.
A spatial vortex comes into view.
You start resting.
A spatial vortex is nearby!
You block the spatial maelstrom's attack.
The spatial maelstrom hits you! Space bends around you!
You barely miss the spatial maelstrom. The spatial maelstrom hits you!
The spatial maelstrom closely misses you.
A spatial vortex comes into view.
The spatial maelstrom hits you!
* * * LOW HITPOINT WARNING * * *
The spatial maelstrom hits you but does no damage.
A spatial vortex comes into view.
You slash the spatial vortex!
The spatial vortex is moderately damaged.
You block the spatial vortex's attack. The spatial maelstrom hits you!
* * * LOW HITPOINT WARNING * * *
Space bends around you.
* * * LOW HITPOINT WARNING * * *
The spatial maelstrom hits you!
You die...

.. .# .. ..# .#
.... .##..##
....... . ..... #
...#######..##...
........v........
.........@...(#..
.#.#####v.....#
#....##..
#....#...
......#. ##v..#..
.....#. #.##.#


You could see a spatial maelstrom and 2 spatial vortices.

Vanquished Creatures
  Duvessa (D:6)
  2 water moccasins (D:6)
  A sky beast (D:5)
  An ice beast (D:6)
  2 black bears (D:6)
  A necrophage (D:5)
  2 ogres
  A phantom (D:2)
  A bullfrog (D:4)
  A scorpion (D:5)
  Dowan (D:6)
  A howler monkey (D:6)
  2 jellies
  A bullfrog skeleton (D:5)
  A gnoll shaman (D:6)
  An orc priest (D:7)
  A centaur skeleton (D:4)
  A hound (D:4)
  2 orc wizards
  A killer bee zombie (D:6)
  A howler monkey zombie (D:4)
  4 gnolls
  A howler monkey skeleton (D:6)
  9 adders
  2 white imps (D:6)
  2 worms
  6 orcs
  4 ball pythons
  4 bats
  7 endoplasms
  4 giant cockroaches
  10 goblins
  5 hobgoblins
  14 jackals
  4 frilled lizards
  13 kobolds
  2 rats
117 creatures vanquished.

Vanquished Creatures (others)
  2 plants
2 creatures vanquished.

Grand Total: 119 creatures vanquished

Notes
Turn   | Place    | Note
-------+----------+-------------------------------------------
     0 | D:1      | kae the Hill Orc Fighter began the quest for the Orb.
     0 | D:1      | Reached XP level 1. HP: 19/19 MP: 1/1
    29 | D:1      | Reached skill level 3 in Axes
   261 | D:1      | Reached XP level 2. HP: 23/27 MP: 2/2
  1101 | D:1      | Reached XP level 3. HP: 33/33 MP: 3/3
  1176 | D:1      | Found a faded altar of an unknown god.
  1669 | D:2      | Reached skill level 1 in Dodging
  1694 | D:2      | Reached skill level 4 in Axes
  1694 | D:2      | Reached XP level 4. HP: 40/40 MP: 4/4
  1970 | D:2      | Noticed a phantom
  1977 | D:2      | Killed a phantom
  1978 | D:2      | Reached XP level 5. HP: 41/47 MP: 5/5
  2430 | D:3      | Reached skill level 5 in Axes
  3092 | D:4      | Found a staircase to the Ecumenical Temple.
  3333 | D:4      | Noticed an ogre
  3339 | D:4      | Reached XP level 6. HP: 30/55 MP: 6/6
  3342 | D:4      | Reached skill level 5 in Fighting
  3342 | D:4      | Reached skill level 6 in Axes
  3681 | D:4      | Found a glowing golden altar of the Shining One.
  3771 | D:4      | Reached XP level 7. HP: 54/61 MP: 7/7
  4079 | Temple   | Entered the Ecumenical Temple
  4219 | D:5      | Entered Level 5 of the Dungeon
  4336 | D:5      | Reached skill level 5 in Armour
  4363 | D:5      | Found an iron altar of Okawaru.
  4474 | D:5      | Reached skill level 7 in Axes
  5795 | D:6      | Reached XP level 8. HP: 50/70 MP: 8/8
  5801 | D:6      | Reached skill level 8 in Axes
  5956 | D:6      | Found a glowing silver altar of Zin.
  6250 | D:6      | Noticed Duvessa
  6250 | D:6      | Noticed Dowan
  6258 | D:6      | Killed Duvessa
  6260 | D:6      | Killed Dowan
  6623 | D:6      | Reached skill level 9 in Axes
  7219 | D:6      | Reached XP level 9. HP: 26/79 MP: 9/9
  7607 | D:7      | Noticed Harold
  7786 | D:7      | Cast into level 1 of the Abyss (orc)
  7850 | Abyss:1  | Noticed a spatial maelstrom
  7867 | Abyss:1  | Slain by a spatial maelstrom

Illustrated notes

Levels and vault maps discovered:
D:1:      scummos_arrival_checkerplants, layout_basic,
          hellmonk_ecumenical_altar_prayer_group,
          hangedman_abyss_or_decor_stabs, minmay_octomino_e4
D:2:      layout_basic
D:3:      layout_basic, serial_bayou, serial_bayou_pond_a, serial_bayou_lake_a,
          serial_bayou_pond_e, serial_bayou_lagoon_a, st_stairs_11
D:4:      layout_basic, lemuel_coloured_pillars_altar, temple_pool_b
D:5:      layout_layer_cave, lemuel_crystal_altar, serial_bayou,
          serial_bayou_shore_b, serial_bayou_lagoon_b, serial_bayou_crossing,
          serial_bayou_ford_a, serial_bayou_shore_b
D:6:      layout_basic, general_overflow_altar, uniq_duvessa
D:7:      layout_basic, grunt_temple_overflow_open, uniq_harold
Temple:   nicolae_temple_figure_zero
Abyss:1:  base:
D:6

Skill      XL: |  1  2  3  4  5  6  7  8  9 |
---------------+----------------------------+-----
Axes           | 3 4 5 6 7 9 |  9.7
Fighting       | 4 5 7 |  7.1
Dodging        | 1 2 3 4 |  4.0
Armour         | 4 5 6 |  6.5
Shields        | |  3.2

Action                   |  1- 3 |  4- 6 |  7- 9 || total
-------------------------+-------+-------+-------++-------
Melee: War axe           |   114 |   121 |   161 ||   396
  Use: Scroll            |     2 |     4 |     6 ||    12
       Potion            |       |       |     1 ||     1
Armor: Scale mail        |    59 |    71 |    59 ||   189
Dodge: Dodged            |    30 |    59 |    64 ||   153
Block: Kite shield       |    64 |    81 |    71 ||   216

Table legend: (Time is in decaauts)
 A = Elapsed time spent in this place.
 B = Non-inter-level travel time spent in this place.
 C = Inter-level travel time spent in this place.
 D = Time resting spent in this place.
 E = Time spent auto-exploring this place.
 F = Levels seen in this place.
 G = Mean time per level.
                   A        B        C        D        E       F      G
               +--------+--------+--------+--------+--------+-----+--------+
         Total |   8155 |   7906 |    249 |    438 |   6564 |   9 |  906.1 |
       Dungeon |   7950 |   7712 |    238 |    363 |   6451 |   7 | 1135.7 |
        Temple |    123 |    113 |     10 |      0 |    113 |   1 |  123.0 |
         Abyss |     81 |     81 |      0 |     75 |      0 |   1 |   81.0 |
               +--------+--------+--------+--------+--------+-----+--------+

Top non-repeatable levels by time:
     D:6: 1891 daAuts
     D:5: 1635 daAuts
     D:1: 1293 daAuts
     D:4: 1032 daAuts
     D:3: 1020 daAuts
     D:2: 922 daAuts
     D:7: 155 daAuts
  Temple: 123 daAuts
 Abyss:1: 81 daAuts
